AoeStats
← deano earlhs

Arena

510281370Analyzed
3v3 RM · 10h ago on Sep 30, 2026· 68m 43s· 6 players
Game mode
Random Map
Map size
Normal (6 player)
Population
200
Speed
Normal
Resources
Standard
Victory
Conquest
Starting age
Dark Age
Ending age
Imperial Age
RankedLock teamsTeams togetherTeam positionsShared explorationLock speedFull tech treeHidden civsTurbo modeCheats
Victory
Defeat
🇦🇺 Berbers · Australia
776
+12
🇨🇳 Wu · China
702
+15
🇨🇳 Burgundians · China
655
+16
🇲🇽 Slavs · Mexico
692
-15
🇩🇪 Cumans · Germany
679
-15
🇬🇧 Franks · United Kingdom
648
-13
deano earlhs
11:35 Feudal Age
17:27 Castle Age
17:50 Double-Bit Axe
21:21 Wheelbarrow
22:10 Loom
25:20 Forging
25:11 Scale Mail Armor
27:24 Hand Cart
28:26 Fortified Wall
35:57 Elite Skirmisher
41:25 Caravan
47:20 Padded Archer Armor
47:11 Fletching
47:57 Iron Casting
47:38 Chain Mail Armor
48:56 Bow Saw
48:29 Treadmill Crane
48:46 Murder Holes
51:02 Leather Archer Armor
50:43 Bodkin Arrow
54:21 Imperial Age
54:05 Husbandry
54:29 Elite Throwing Axeman
Azteca Beleren
0:38 Loom
14:06 Feudal Age
23:37 Castle Age
23:00 Double-Bit Axe
22:57 Horse Collar
23:40 Forging
23:21 Fletching
23:38 Scale Barding Armor
23:41 Scale Mail Armor
25:19 Wheelbarrow
25:01 Bow Saw
24:54 Heavy Plow
26:18 Hand Cart
26:54 Stone Mining
27:41 Gold Mining
29:59 Gold Shaft Mining
30:51 Fletching
31:39 Iron Casting
31:21 Chain Mail Armor
31:52 Bodkin Arrow
32:03 Detinets
32:21 Man-at-Arms
32:34 Pikeman
33:36 Squires
33:04 Long Swordsman
35:53 Chain Barding Armor
39:33 Imperial Age
41:04 Two-Handed Swordsman
41:08 Halberdier
42:09 Druzhina
42:32 Conscription
43:57 Capped Ram
48:00 Elite Boyar
50:03 Blast Furnace
49:33 Plate Mail Armor
49:05 Champion
52:08 Heavy Scorpion
61:16 Plate Barding Armor
63:20 Siege Ram
Pjoddiboy
10:42 Feudal Age
12:52 Horse Collar
13:00 Double-Bit Axe
13:29 Loom
20:18 Wheelbarrow
24:03 Castle Age
23:10 Gold Mining
23:12 Stone Mining
23:37 Town Watch
24:41 Bloodlines
24:22 Pikeman
24:23 Capped Ram
25:47 Gold Shaft Mining
25:14 Heavy Plow
25:33 Bow Saw
25:39 Squires
25:15 Light Cavalry
26:15 Scale Barding Armor
26:21 Forging
26:48 Scale Mail Armor
27:26 Hand Cart
27:49 Thumb Ring
27:06 Elite Skirmisher
27:38 Fletching
27:49 Padded Archer Armor
28:48 Arson
29:21 Chain Mail Armor
29:03 Bodkin Arrow
30:45 Town Patrol
32:35 Leather Archer Armor
32:31 Steppe Husbandry
37:22 Imperial Age
37:22 Chain Barding Armor
37:38 Iron Casting
38:39 Ring Archer Armor
38:35 Conscription
37:40 Siege Ram
39:25 Plate Mail Armor
38:31 Elite Kipchak
40:44 Two-Man Saw
40:15 Crop Rotation
41:00 Blast Furnace
40:15 Guilds
39:38 Halberdier
41:55 Chemistry
44:07 Plate Barding Armor
44:00 Parthian Tactics
44:10 Caravan
43:54 Hussar
46:48 Ballistics
46:25 Murder Holes
46:40 Masonry
45:59 Onager
46:35 Elite Steppe Lancer
46:38 Cavalier
49:20 Paladin
53:33 Siege Onager
59:24 Man-at-Arms
60:20 Long Swordsman
RYOUSHI HAN
10:10 Feudal Age
12:44 Forging
12:34 Scale Mail Armor
17:25 Castle Age
16:15 Gold Mining
16:12 Double-Bit Axe
16:15 Horse Collar
17:35 Forging
17:26 Scale Mail Armor
20:11 Scale Mail Armor
20:08 Arson
20:34 Squires
23:21 Iron Casting
24:12 Chain Mail Armor
26:05 Bow Saw
26:36 Gold Shaft Mining
27:36 Heavy Plow
31:18 Imperial Age
30:30 Wheelbarrow
30:41 Town Watch
30:42 Loom
31:25 Hand Cart
32:31 Town Patrol
32:34 Caravan
35:35 Ballistics
36:15 Chemistry
34:59 Treadmill Crane
36:25 Blast Furnace
35:55 Plate Mail Armor
37:15 Two-Man Saw
36:17 Stone Mining
37:55 Pikeman
38:52 Herbal Medicine
39:08 Fervor
39:34 Ballistics
40:15 Chemistry
41:00 Stone Shaft Mining
42:00 Conscription
43:34 Husbandry
43:46 Bloodlines
42:56 Heavy Hei Guang Cavalry
43:08 Elite Fire Archer
43:31 Halberdier
44:18 Fletching
44:29 Padded Archer Armor
46:37 Bodkin Arrow
46:57 Leather Archer Armor
46:47 Scale Barding Armor
49:26 Sitting Tiger
49:28 Red Cliffs Tactics
53:34 Bracer
53:54 Chain Barding Armor
55:11 Masonry
55:01 Murder Holes
56:59 Plate Barding Armor
61:05 Sitting Tiger
66:50 Architecture
DrDripz
0:38 Loom
12:17 Feudal Age
12:43 Double-Bit Axe
13:07 Horse Collar
15:00 Wheelbarrow
20:03 Town Watch
24:34 Castle Age
22:37 Man-at-Arms
23:03 Arson
25:01 Bloodlines
24:53 Gold Mining
24:54 Stone Mining
25:52 Husbandry
27:23 Gold Shaft Mining
31:03 Stone Shaft Mining
30:46 Bow Saw
31:00 Heavy Plow
32:12 Pikeman
32:53 Squires
34:08 Murder Holes
34:34 Ballistics
34:26 Fortified Wall
38:58 Imperial Age
37:10 Kasbah
38:04 Caravan
39:29 Heavy Camel Rider
40:38 Conscription
41:30 Cavalier
45:31 Heavy Cavalry Archer
46:27 Thumb Ring
48:22 Elite Genitour
49:17 Long Swordsman
51:27 Maghrebi Camels
65:02 Two-Handed Swordsman
修临天下
0:49 Loom
8:03 Double-Bit Axe
11:31 Feudal Age
10:11 Horse Collar
12:22 Bow Saw
12:29 Heavy Plow
15:14 Gold Mining
16:32 Gold Shaft Mining
21:01 Castle Age
18:55 Stone Mining
19:04 Arson
19:16 Fletching
19:27 Padded Archer Armor
20:18 Scale Barding Armor
20:23 Forging
21:26 Stone Shaft Mining
22:58 Two-Man Saw
22:31 Crop Rotation
22:05 Husbandry
23:08 Chain Barding Armor
24:56 Wheelbarrow
26:00 Iron Casting
25:00 Pikeman
25:41 Squires
26:17 Hand Cart
30:52 Imperial Age
28:36 Scale Mail Armor
28:22 Elite Skirmisher
29:37 Ballistics
29:14 Murder Holes
30:28 Bodkin Arrow
30:34 Padded Archer Armor
31:48 Burgundian Vineyards
33:38 Chemistry
35:25 Bracer
35:42 Chain Mail Armor
36:06 Leather Archer Armor
36:13 Town Watch
39:18 Plate Barding Armor
39:44 Blast Furnace
39:46 Plate Mail Armor
40:34 Halberdier
44:49 Arrowslits
50:26 Elite Coustillier
60:22 Town Patrol
60:46 Caravan
Connection lost

Rejoining the realm…

Still unreachable

The connection could not be restored.

Session expired

The server has moved on; the page needs a fresh start.